 Dungeon Crawl Stone Soup version 0.26-a0-1012-gedcf9b2963 (webtiles) character file.

Game seed: 16449653002257729815

41 ArelonLightweaver the Skirmisher (level 3, 0/29 HPs)
             Began as a Mummy Monk on Dec 7, 2020.
             Slain by an orc wizard
             ... wielding a +0 dagger
              (1 damage)
             ... on level 3 of the Dungeon.
             The game lasted 00:15:27 (2252 turns).

ArelonLightweaver the Skirmisher (Mummy Monk)       Turns: 2252, Time: 00:15:27

Health: 0/29       AC: 10    Str: 14    XL:     3   Next: 32%
Magic:  3/3        EV:  4    Int:  9    God:
Gold:   106        SH:  0    Dex: 15    Spells: 2/2 levels left

rFire    . . .     SeeInvis .     - Unarmed
rCold    . . .     Faith    .   (no shield)
rNeg     + + +     Spirit   .   m - +0 plate armour
rPois    ∞         Reflect  .   (no helmet)
rElec    .         Harm     .   (no cloak)
rCorr    .         Rampage  .   (no gloves)
Will     .....                  (no boots)
Stlth    ..........             (no amulet)
HPRegen  0.09/turn              o - ring of fire
MPRegen  0.08/turn              (no ring)

@: no status effects
A: no potions, fire vulnerability, cold resistance 1, negative energy resistance
3, torment resistance, unbreathing
a: no special abilities


You were on level 3 of the Dungeon.
You visited 1 branch of the dungeon, and saw 3 of its levels.

You collected 106 gold pieces.

Inventory:

Missiles
 d - 73 sling bullets
 e - 4 large rocks (quivered)
 i - 53 stones
 l - 5 atropa-tipped darts
 n - 20 bolts
Armour
 a - a +0 robe
 c - a +0 chain mail
 m - a +0 plate armour (worn)
Jewellery
 j - an uncursed ring of flight {unknown}
 o - a ring of fire (left hand)
 p - an uncursed ring of flight {unknown}
Scrolls
 b - 2 scrolls of remove curse {unknown}
 f - a scroll of enchant weapon {unknown}
 g - a scroll of identify {unknown}
 h - 2 scrolls of teleportation {unknown}
 k - a scroll of amnesia {unknown}


   Skills:
 + Level 3.1 Fighting
 + Level 0.5 Armour
 * Level 2.9 Dodging
 - Level 1.5 Stealth
 * Level 3.1 Unarmed Combat


You had 2 spell levels left.
You didn't know any spells.
Your spell library was empty.

Dungeon Overview and Level Annotations

Branches:
Dungeon (3/15)

Altars:
Ashenzari
Zin

Shops:
D:2 *


Innate Abilities, Weirdness & Mutations

You do not drink.
Your flesh is vulnerable to fire.
You are immune to poison.
Your flesh is cold resistant. (rC+)
You are immune to negative energy. (rN+++)
You are immune to unholy pain and torment.
You can survive without breathing.


Message History

The orc hits you but does no damage. The kobold barely misses you.
You hit the orc priest but do no damage.
The orc priest is moderately wounded.
The orc priest looks satisfied for a moment.
Something hits you but does no damage. The kobold hits you but does no damage.
The orc hits you but does no damage.
You closely miss something.
The orc priest hits you but does no damage.
Something hits you but does no damage. The kobold barely misses you.
The orc hits you but does no damage.
You hit something. Something hits you but does no damage.
The orc priest hits you but does no damage.
The orc hits you but does no damage. The kobold hits you with a +0 whip.
* * * LOW HITPOINT WARNING * * *
You closely miss something. Something hits you but does no damage.
The orc priest hits you with a +0 falchion.
* * * LOW HITPOINT WARNING * * *
You miss something. The kobold hits you but does no damage.
The orc hits you but does no damage. Something hits you.
You die...

. ..## ###
....########.....
##...gK@o.......
##..>..o.###...$.
!.>.....b# B..
#........# .
##......$#
#.......#
#.......#
#.......#
#.......#


You could see an orc priest, an orc, a goblin, a bat and a kobold.

Vanquished Creatures
  An adder (D:2)
  A worm (D:2)
  A dart slug (D:1)
  2 leopard geckos (D:2)
  2 ball pythons
  A giant cockroach (D:3)
  6 goblins
  2 hobgoblins (D:1)
  2 kobolds (D:1)
  3 bats
  2 frilled lizards
  2 rats (D:1)
25 creatures vanquished.

Notes
Turn   | Place    | Note
-------+----------+-------------------------------------------
     0 | D:1      | ArelonLightweaver the Mummy Monk began the quest for the
                  | Orb.
     0 | D:1      | Reached XP level 1. HP: 18/18 MP: 1/1
   867 | D:1      | Reached XP level 2. HP: 15/24 MP: 2/2
  1626 | D:2      | Found a broken altar of Ashenzari.
  1801 | D:2      | Reached XP level 3. HP: 15/29 MP: 3/3
  2102 | D:2      | Found Zin's Purification Station.
  2106 | D:2      | Found a glowing silver altar of Zin.
  2251 | D:3      | HP: 1/29 [orc priest/+0 falchion (1)]
  2252 | D:3      | Slain by an orc wizard

Illustrated notes

Levels and vault maps discovered:
D:1:      dpeg_arrival_pond, layout_basic
D:2:      layout_rooms, zin_purify, ashenzari_conservatory_becter,
          minmay_statues_item, uniq_robin
D:3:      layout_rooms

Skill      XL: |  1  2  3 |
---------------+----------+-----
Unarmed Combat | 3 |  3.1
Fighting       | |  3.1
Armour         | |  0.5
Dodging        | |  2.9
Stealth        | |  1.5

Action                   || total
-------------------------++-------
Melee: Unarmed           ||   114
       Punch             ||     3
Armor: Chain mail        ||    71
       Robe              ||     1
       Plate armour      ||    29
Dodge: Dodged            ||    44

Table legend: (Time is in decaauts)
 A = Elapsed time spent in this place.
 B = Non-inter-level travel time spent in this place.
 C = Inter-level travel time spent in this place.
 D = Time resting spent in this place.
 E = Time spent auto-exploring this place.
 F = Levels seen in this place.
 G = Mean time per level.
                   A        B        C        D        E       F      G
               +--------+--------+--------+--------+--------+-----+--------+
         Total |   2245 |   1818 |    427 |    254 |      0 |   3 |  748.3 |
       Dungeon |   2245 |   1818 |    427 |    254 |      0 |   3 |  748.3 |
               +--------+--------+--------+--------+--------+-----+--------+

Top non-repeatable levels by time:
     D:1: 1604 daAuts
     D:2: 622 daAuts
     D:3: 18 daAuts
